 Dungeon Crawl Stone Soup version 0.31-a0-559-g03b8d61ab2 (webtiles) character file.

Game seed: 14617886971162637470

7 Ethylacetat the Insei (level 2, -1/19 HPs)
             Began as an Octopode Gladiator on Aug 17, 2023.
             Slain by an orc priest
             ... wielding a +0 dagger
              (4 damage)
             ... on level 2 of the Dungeon.
             The game lasted 00:00:49 (753 turns).

Ethylacetat the Insei (Octopode Gladiator)           Turns: 753, Time: 00:00:50

Health: -1/19      AC:  1    Str: 13    XL:     2   Next: 0%
Magic:  2/2        EV: 14    Int: 10    God:
Gold:   52         SH:  0    Dex: 13    Spells: 1/1 levels left

rFire   + .          .
                       - Unarmed
rCold   . . .        (no shield)
rNeg    . . .        a - +0 hat
rPois   .            (no amulet)
rElec   .            d - ring of protection from fire
rCorr   .            (no ring)
SInv    .            (no ring)
Will    .....        (no ring)
Stlth   ++           (no ring)
HPRegen 0.23/turn    (no ring)
MPRegen 0.08/turn    (no ring)
                     (no ring)

%: no passive effects
@: no status effects
A: almost no armour, amphibious, 8 rings, camouflage 1, gelatinous body 1,
(nimble swimmer 1), tentacles
a: no special abilities


You were on level 2 of the Dungeon.
You visited 1 branch of the dungeon, and saw 2 of its levels.

You collected 52 gold pieces.

Inventory:

Missiles
 b - 3 throwing nets (quivered)
 c - a javelin
Armour
 a - a +0 hat (worn)
Jewellery
 d - a ring of protection from fire (left tentacle)
Potions
 e - a potion of might {unknown}


   Skills:
 + Level 2.2 Fighting
 - Level 2.0 Throwing
 + Level 3.1 Dodging
 + Level 3.1 Unarmed Combat


You had one spell level left.
You didn't know any spells.
Your spell library was empty.

Dungeon Overview and Level Annotations

Branches:
Dungeon (2/15)

Altars:


Innate Abilities, Weirdness & Mutations

You cannot wear most types of armour.
You are amphibious.
You can wear up to eight rings at the same time.
Your skin changes colour to match your surroundings (Stealth+).
Your rubbery body absorbs attacks. (AC +1, EV +1)
((You are camouflaged when in or above water. (Stealth+)))
You have tentacles for arms and can constrict up to eight enemies at once.


Message History

You tentacle-slap the orc, but do no damage.
The orc is heavily wounded.
The orc throws a boomerang.
The boomerang barely misses you. The orc completely misses you.
The orc barely misses you.
You tentacle-slap the orc but do no damage.
Your grab misses the orc.
The orc is heavily wounded.
The orc hits you from afar with a +0 trident.
The orc wizard casts a spell.
The orc wizard flickers and vanishes!
Deactivating autopickup; reactivate with Ctrl-A.
The hobgoblin hits you but does no damage.
The orc barely misses you.
You tentacle-slap the orc but do no damage.
You grab the orc. You squeeze the orc, but do no damage.
The orc is heavily wounded.
You constrict the orc.
The orc grunts repeatedly.
The orc hits you with a +1 short sword of speed.
The orc priest miscasts a cantrip.
The orc hits you from afar with a +0 trident.
The hobgoblin hits you.
The orc priest hits you with a +0 dagger.
* * * LOW HITPOINT WARNING * * *
The orc misses you.
You are too injured to fight recklessly!
You are too injured to fight recklessly!
Unknown command.
You are too injured to fight recklessly!
Unknown command.
You are too injured to fight recklessly!
You tentacle-slap the orc priest. You grab the orc priest.
The orc priest is moderately wounded.
You constrict the orc priest, but do no damage.
You constrict the orc.
You kill the orc!
The hobgoblin misses you. The orc closely misses you.
The orc throws a boomerang.
The boomerang barely misses you.
The orc priest hits you with a +0 dagger.
You die...

.#.#.... .......
#..... #....#######
#.$.........
.....#...#.
##.g)o.....
##..@.o.....
#########...oo......
#.........#...#...#.
###########.........
#..####### #...
#.... ######


You could see 2 orc priests, 2 orcs and a hobgoblin.

Vanquished Creatures
  2 orcs (D:2)
  A hobgoblin (D:1)
  2 frilled lizards (D:1)
  A goblin (D:1)
  A kobold (D:1)
  A rat (D:1)
8 creatures vanquished.

Notes
Turn   | Place    | Note
-------+----------+-------------------------------------------
     0 | D:1      | Ethylacetat the Octopode Gladiator began the quest for the
                  | Orb.
     0 | D:1      | Reached XP level 1. HP: 14/14 MP: 1/1
    96 | D:1      | Found a faded altar of an unknown god.
   745 | D:2      | Noticed an orc priest
   746 | D:2      | Noticed an orc priest
   746 | D:2      | Noticed an orc wizard
   750 | D:2      | Reached XP level 2. HP: 19/19 MP: 2/2
   753 | D:2      | Slain by an orc priest

Illustrated notes

Levels and vault maps discovered:
D:1:      eino_arrival_tree_alley, layout_loops_ring,
          hellmonk_ecumenical_altar_crossroads, chequers_serial_rivers_micro_c,
          wad_floor_pattern_1, kennysheep_decorative_pillar, st_stairs_9,
          grunt_decor_cap
D:2:      cheibrodos_pilgrimage, layout_rooms, uniq_sigmund, uniq_terence

Action                     || total
---------------------------++-------
  Melee: Unarmed           ||    18
         Constrict         ||     7
         Tentacles         ||     4
         Punch             ||     1
   Stab: Sleeping          ||     1
 Armour: Skin              ||     1
  Dodge: Dodged            ||    11

Table legend: (Time is in decaauts)
 A = Elapsed time spent in this place.
 B = Non-inter-level travel time spent in this place.
 C = Inter-level travel time spent in this place.
 D = Time resting spent in this place.
 E = Time spent auto-exploring this place.
 F = Levels seen in this place.
 G = Mean time per level.
                   A        B        C        D        E       F      G
               +--------+--------+--------+--------+--------+-----+--------+
         Total |    751 |    700 |     51 |      0 |    630 |   2 |  375.5 |
       Dungeon |    751 |    700 |     51 |      0 |    630 |   2 |  375.5 |
               +--------+--------+--------+--------+--------+-----+--------+

Top non-repeatable levels by time:
     D:1: 738 daAuts
     D:2: 12 daAuts
